 Dungeon Crawl Stone Soup version 0.26-a0-682-g294304f6e8 (webtiles) character file.

Game seed: 15790849360894072327

(classic levelgen) 84 EnegeticOcto the Digger (level 4, -1/27 HPs)
             Began as a Halfling Earth Elementalist on Oct 21, 2020.
             Was a Plaything of Xom.
             Slain by a leopard gecko skeleton (3 damage)
             ... on level 4 of the Dungeon.
             The game lasted 00:04:42 (767 turns).

EnegeticOcto the Digger (HaEE)                       Turns: 767, Time: 00:04:43

Health: -1/27      AC:  3    Str: 15    XL:     4   Next: 74%
Magic:  6/6        EV: 14    Int: 14    God:    Xom [..*...]
Gold:   105        SH:  0    Dex: 14    Spells: 5/6 levels left

rFire    . . .     SeeInvis .   g - +1 short sword (venom)
rCold    . . .     Faith    .   (shield restricted)
rNeg     . . .     Spirit   .   m - +0 leather armour
rPois    .         Reflect  .   (no helmet)
rElec    .         Harm     .   (no cloak)
rCorr    .         Rampage  .   (no gloves)
MR       .....                  (no boots)
Stlth    ++........             h - amulet of magic regeneration
HPRegen  0.09/turn              l - +6 ring of strength
MPRegen  0.35/turn              (no ring)

@: no status effects
A: small, mutation resistance 1
a: Renounce Religion


You were on level 4 of the Dungeon.
You worshipped Xom.
You were a toy of Xom.
You visited 2 branches of the dungeon, and saw 5 of its levels.

You collected 105 gold pieces.

Inventory:

Hand Weapons
 g - a +1 short sword of venom (weapon)
Missiles
 a - 43 sling bullets
 b - 115 stones (quivered)
Armour
 c - a +0 robe
 m - a +0 leather armour (worn)
Jewellery
 h - an amulet of magic regeneration (around neck)
 l - a +6 ring of strength (left hand)
Scrolls
 d - 2 scrolls of remove curse {@r2}
 j - 2 scrolls of fog {!r}
Potions
 e - 3 potions of curing {@q1 !q}
 f - a potion of magic
 k - a potion of brilliance


   Skills:
 - Level 2.1 Dodging
 - Level 2.1 Stealth
 - Level 1.5 Spellcasting
   Level 0.5 Transmutations
 + Level 5.1 Earth Magic


You had 5 spell levels left.
You knew the following spells:

 Your Spells              Type           Power        Failure   Level
a - Sandblast             Erth           ###...       3%          1

Your spell library contained the following spells:

 Spells                   Type           Power        Failure   Level
 Passwall                 Tmut/Erth      #.......     14%         2
 Stone Arrow              Conj/Erth      #.....       32%         3
 Petrify                  Tmut/Erth      #.......     67%         4
 Lee's Rapid Deconstruct  Erth           ###.......   71%         5


Dungeon Overview and Level Annotations

Branches:
Dungeon (4/15)             Temple (1/1) D:4

Altars:
Ashenzari
Dithmenos
Gozag
Kikubaaqudgha
Makhleb
Nemelex Xobeh
Sif Muna
Uskayaw
Xom
Yredelemnul
Zin
The Shining One

Annotations:
D:3 1 runed translucent door


Innate Abilities, Weirdness & Mutations

You are small and have problems with some larger weapons.
You are somewhat resistant to further mutation.


Message History

The blast of sand hits the ooze!
The ooze is almost dead.
b - 115 stones The ooze closely misses you.
You barely miss the ooze.
The ooze is almost dead.
The ooze misses you.
You hit the ooze.
You kill the ooze!
(D) Dungeon
Where to? (Enter - D:3, ? - help)
There is a stone staircase leading down here.
You climb downwards.
A howler monkey comes into view.
Found a robe.
There is a stone staircase leading up here.
Found a scroll labeled CIS MU FUOSCHOM.
The helpless howler monkey fails to defend itself.
You hit the howler monkey.
The howler monkey is poisoned.
The howler monkey is moderately wounded.
The howler monkey hoots and howls with incredible vigour!
You hear a shout! x2
You barely miss the howler monkey.
The howler monkey is moderately wounded.
The howler monkey barely misses you. The howler monkey hits you.
You barely miss the howler monkey.
The howler monkey is moderately wounded.
The howler monkey barely misses you. The howler monkey barely misses you.
A leopard gecko skeleton comes into view.
The howler monkey closely misses you.
An ice beast comes into view.
The howler monkey hoots and howls with incredible vigour!
Casting: Sandblast (safe; 4% risk of failure)
Confirm with . or Enter, or press ? or * to list all spells.
You don't know that spell.
Press: ? - help, v - describe, . - travel The floor.
Press: ? - help, v - describe, . - travel
Here: an ice beast The floor.
You see here a scroll labeled CIS MU FUOSCHOM.
j - 3 scrolls labeled CIS MU FUOSCHOM (gained 1)
You kill the howler monkey!
Your Earth Magic skill increases to level 5!
You have reached level 4!
As you read the scroll labeled CIS MU FUOSCHOM, it crumbles to dust.
The scroll dissolves into smoke.
It was a scroll of fog.
As you read the scroll labeled ZOYRPH VUADWIOSCH, it crumbles to dust.
You feel blessed for a moment.
It was a scroll of remove curse.
The leopard gecko skeleton bites you.
As you read the scroll labeled RUVEAFIHUPP, it crumbles to dust.
It is a scroll of identify.
e - 3 potions of curing The leopard gecko skeleton closely misses you.
As you read the scroll of identify {@r1}, it crumbles to dust.
f - a potion of magic The leopard gecko skeleton bites you.
* * * LOW HITPOINT WARNING * * *
As you read the scroll of identify {@r1}, it crumbles to dust.
k - a potion of brilliance The leopard gecko skeleton bites you.
* * * LOW HITPOINT WARNING * * *
Found 5 stones.
Found a staircase to the Ecumenical Temple.
The leopard gecko skeleton bites you.
* * * LOW HITPOINT WARNING * * *
Found a stone staircase leading down.
Found a stone staircase leading down.
There is a staircase to the Ecumenical Temple here.
You climb downwards.
Welcome to the Ecumenical Temple!
Found a hide-covered altar of Uskayaw and an opulent altar of Gozag.
There is a staircase back to the Dungeon here.
Found a glowing silver altar of Zin.
Found a glowing golden altar of the Shining One.
Found a burning altar of Makhleb.
Found a broken altar of Ashenzari.
Found a sparkling altar of Nemelex Xobeh.
Found a shimmering blue altar of Sif Muna.
Found a shimmering altar of Xom.
There is a shimmering altar of Xom here.
You kneel at the altar of Xom.
Xom welcomes you!
There is a shimmering blue altar of Sif Muna here.
There is a hide-covered altar of Uskayaw here.
There is a staircase back to the Dungeon here.
Okay, then.
You climb upwards.
Welcome back to the Dungeon!
The leopard gecko skeleton completely misses you.
The ice beast hits you.
* * * LOW HITPOINT WARNING * * *
The ice beast freezes you.
* * * LOW HITPOINT WARNING * * *
A shower of butterflies erupts from you!
The leopard gecko skeleton closely misses you.
There is a staircase to the Ecumenical Temple here.
A bullfrog skeleton comes into view.
The leopard gecko skeleton bites you.
You die...
Xom roars with laughter!

####...###§## #
#..#
##§#######.#.#
..Y.#
#§§§.......#
....Z#
#§####.####.#
###Y. §## #.#
##.##
.>#####...###.#
...Z...b......#
#.####b@Zb#####
#.Y..# #.b.##
....b# #>###..#
# #... #.###
#.. ###


You could see an ice beast, a leopard gecko skeleton and a bullfrog skeleton.

Vanquished Creatures
  A howler monkey (D:4)
  An adder (D:2)
  An ooze (D:3)
  A dart slug (D:1)
  2 orcs (D:3)
  A giant cockroach (D:1)
  3 goblins
  4 hobgoblins
  4 kobolds
  2 ball pythons
  5 bats
  A frilled lizard (D:1)
  A kobold zombie (D:3)
  3 rats
30 creatures vanquished.

Vanquished Creatures (others)
  2 withered plants (D:3)
2 creatures vanquished.

Grand Total: 32 creatures vanquished

Notes
Turn   | Place    | Note
-------+----------+-------------------------------------------
     0 | D:1      | EnegeticOcto the Halfling Earth Elementalist began the
                  | quest for the Orb.
     0 | D:1      | Reached XP level 1. HP: 11/11 MP: 3/3
   160 | D:1      | Reached XP level 2. HP: 17/17 MP: 1/4
   279 | D:2      | Reached skill level 4 in Earth Magic
   279 | D:2      | Reached XP level 3. HP: 13/21 MP: 2/5
   413 | D:3      | Found a runed translucent door.
   413 | D:3      | Noticed a human
   414 | D:3      | Found a basalt altar of Yredelemnul.
   486 | D:3      | Found a shadowy altar of Dithmenos.
   618 | D:3      | Found an ancient bone altar of Kikubaaqudgha.
   680 | D:4      | Noticed an ice beast
   684 | D:4      | Reached skill level 5 in Earth Magic
   684 | D:4      | Reached XP level 4. HP: 12/27 MP: 6/6
   696 | D:4      | Found a staircase to the Ecumenical Temple.
   705 | Temple   | Entered the Ecumenical Temple
   750 | Temple   | Became a worshipper of Xom of Bloodstained Whimsey
   766 | D:4      | XOM: butterfly on damage
   767 | D:4      | Slain by a leopard gecko skeleton

Illustrated notes

Levels and vault maps discovered:
D:1:      minmay_arrival_nine_rooms, layout_loops_ring
D:2:      layout_loops_ring, old_standard_altar
D:3:      layout_loops_cross, nicolae_dithmenos_shadow_blocks,
          kiku_gazebo_garden_becter, dk_yredelemnul_ordeal
D:4:      layout_loops_ring, nicolae_overflow_hidden_temple,
          minmay_temple_entry_butterflies, st_stairs_14, grunt_decor_arrowhead
Temple:   compressed_dpeg_triangle_lava_temple

Skill      XL: |  1  2  3 |
---------------+----------+-----
Earth Magic    | 4 5 |  5.1
Dodging        | |  2.1
Stealth        | |  2.1
Spellcasting   | |  1.5
Transmutations | |  0.5

Action                   |  1- 3 |  4- 6 || total
-------------------------+-------+-------++-------
Melee: Unarmed           |     4 |       ||     4
       Short sword       |    45 |       ||    45
 Cast: Sandblast         |    18 |       ||    18
  Use: Scroll            |       |     5 ||     5
 Stab: Sleeping          |     3 |       ||     3
Armor: Robe              |     5 |       ||     5
Dodge: Dodged            |    50 |     3 ||    53

Table legend: (Time is in decaauts)
 A = Elapsed time spent in this place.
 B = Non-inter-level travel time spent in this place.
 C = Inter-level travel time spent in this place.
 D = Time resting spent in this place.
 E = Time spent auto-exploring this place.
 F = Levels seen in this place.
 G = Mean time per level.
                   A        B        C        D        E       F      G
               +--------+--------+--------+--------+--------+-----+--------+
         Total |    772 |    740 |     32 |      0 |      0 |   5 |  154.4 |
       Dungeon |    711 |    679 |     32 |      0 |      0 |   4 |  177.8 |
        Temple |     60 |     60 |      0 |      0 |      0 |   1 |   60.0 |
               +--------+--------+--------+--------+--------+-----+--------+

Top non-repeatable levels by time:
     D:1: 276 daAuts
     D:3: 233 daAuts
     D:2: 165 daAuts
  Temple: 60 daAuts
     D:4: 35 daAuts
